 Dungeon Crawl Stone Soup version 0.26.0-45-g9c1d065592 (webtiles) character file.

Game seed: 1827650083621033873

107 kaeus the Sneak (level 4, 0/27 HPs)
             Began as an Octopode Enchanter on Jan 29, 2021.
             Slain by a bullfrog skeleton (6 damage)
             ... on level 4 of the Dungeon.
             The game lasted 00:02:29 (2720 turns).

kaeus the Sneak (Octopode Enchanter)                Turns: 2720, Time: 00:02:29

Health: 0/27       AC:  1    Str:  5 (7)  XL:     4   Next: 85%
Magic:  7/7        EV: 13    Int: 16 (17) God:
Gold:   189        SH:  0    Dex: 12 (13) Spells: 5/8 levels left

rFire    . . .     SeeInvis .   a - +1 dagger
rCold    . . .     Faith    .   (no shield)
rNeg     . . .     Spirit   .   (helmet restricted)
rPois    .         Reflect  .   (no amulet)
rElec    .         Harm     .   (no ring)
rCorr    .         Rampage  .   (no ring)
Will     .....                  (no ring)
Stlth    ++++......             (no ring)
HPRegen  0.09/turn              (no ring)
MPRegen  0.10/turn              (no ring)
                                (no ring)
                                (no ring)

@: no status effects
A: almost no armour, stealthy swim, amphibious, 8 rings, constrict 8, camouflage
1, gelatinous body 1
a: no special abilities


You were on level 4 of the Dungeon.
You visited 1 branch of the dungeon, and saw 4 of its levels.

You collected 189 gold pieces.

Inventory:

Hand Weapons
 a - a +1 dagger (weapon)
Wands
 n - a wand of iceblast (6)
Scrolls
 c - 2 scrolls of teleportation {unknown}
 d - a scroll of fog
 e - a scroll of enchant weapon {unknown}
 f - 2 scrolls of remove curse
 g - 2 scrolls of identify {unknown}
 i - 3 scrolls of blinking {unknown}
 k - a scroll of fear {unknown}
 m - a scroll of magic mapping {unknown}
Potions
 b - a potion of curing
 j - 2 potions of attraction
 l - 2 potions of might {unknown}
 o - a potion of flight {unknown}


   Skills:
 + Level 1.9 Short Blades
 + Level 2.5 Dodging
 * Level 5.5 Stealth
 + Level 2.5 Spellcasting
 + Level 3.4 Hexes


You had 5 spell levels left.
You knew the following spells:

 Your Spells              Type           Power        Failure   Level
a - Corona                Hex            14%          4%          1
b - Ensorcelled Hibernat  Hex/Ice        14%          14%         2

Your spell library contained the following spells:

 Spells                   Type           Power        Failure   Level
 Confusing Touch          Hex            13%          14%         3
 Tukima's Dance           Hex            13%          14%         3
 Dazzling Flash           Conj/Hex       14%          28%         3
 Gell's Gravitas          Tloc           1%           52%         3
 Petrify                  Tmut/Erth      2%           89%         4
 Metabolic Englaciation   Hex/Ice        3%           95%         5
 Yara's Violent Unravell  Hex/Tmut       3%           95%         5


Dungeon Overview and Level Annotations

Branches:
Dungeon (4/15)
 Temple: D:4-7

Altars:


Innate Abilities, Weirdness & Mutations

You cannot wear most types of armour.
You are very stealthy in the water. (Stealth+)
You are amphibious.
You can wear up to eight rings at the same time.
You can use your tentacles to constrict eight enemies at once.
Your skin changes colour to match your surroundings (Stealth+).
Your rubbery body absorbs attacks. (AC +1, EV +1)


Message History

You constrict the bullfrog skeleton. The bullfrog skeleton misses you.
The bullfrog skeleton barely misses you.
You hit the bullfrog skeleton.
The bullfrog skeleton is heavily damaged.
You constrict the bullfrog skeleton.
The bullfrog skeleton closely misses you.
You hit the bullfrog skeleton.
The bullfrog skeleton is heavily damaged.
You constrict the bullfrog skeleton. The bullfrog skeleton hits you.
* * * LOW HITPOINT WARNING * * *
You take 6 damage, and have 6/27 hp.
MASSIVE DAMAGE!!
You release your grip on the bullfrog skeleton.
The bullfrog skeleton closely misses you.
Things that are here:
a cursed -1 war axe; an orc corpse; a worker ant corpse You barely miss the bullfrog skeleton.
You grab the bullfrog skeleton.
The bullfrog skeleton is heavily damaged.
You constrict the bullfrog skeleton, but do no damage.
The bullfrog skeleton hits you.
You die...

#.# #.# #.#
#)# #.# #.#
#.# #.######
#.@....###
#Z#......#
#.##..)..#
#.##......#
..####.......
.### #######
#. #


You could see a bullfrog skeleton.

Vanquished Creatures
  A worker ant (D:4)
  2 adders
  An ooze (D:3)
  A worm (D:3)
  A dart slug (D:2)
  4 leopard geckos
  3 orcs
  5 bats
  2 giant cockroaches
  6 goblins
  6 hobgoblins
  3 jackals (D:2)
  5 kobolds
  A ball python (D:2)
  5 frilled lizards
  4 rats
50 creatures vanquished.

Notes
Turn   | Place    | Note
-------+----------+-------------------------------------------
     0 | D:1      | kaeus the Octopode Enchanter began the quest for the Orb.
     0 | D:1      | Reached XP level 1. HP: 11/11 MP: 3/3
   608 | D:1      | Reached XP level 2. HP: 17/17 MP: 5/5
  1102 | D:2      | Reached XP level 3. HP: 20/21 MP: 6/6
  1642 | D:3      | Reached skill level 5 in Stealth
  1647 | D:3      | Learned a level 2 spell: Ensorcelled Hibernation
  1826 | D:3      | Reached XP level 4. HP: 27/27 MP: 7/7
  2720 | D:4      | Slain by a bullfrog skeleton

Illustrated notes

Levels and vault maps discovered:
D:1:      minmay_arrival_stair_chambers, layout_rooms,
          chequers_serial_rivers_micro_a
D:2:      layout_basic
D:3:      layout_basic, hangedman_decor_points
D:4:      minmay_opposing_rooms, layout_basic, overflow_temple_1_default,
          uniq_menkaure

Skill      XL: |  1  2  3 |
---------------+----------+-----
Stealth        | 5 |  5.5
Short Blades   | |  1.9
Dodging        | |  2.5
Spellcasting   | |  2.5
Hexes          | |  3.4

Action                   |  1- 3 |  4- 6 || total
-------------------------+-------+-------++-------
Melee: Dagger            |    75 |    35 ||   110
       Constrict         |    15 |     8 ||    23
       Tentacles         |     7 |     5 ||    12
 Cast: Ensorcelled Hiber |     1 |       ||     1
  Use: Scroll            |     2 |       ||     2
       Potion            |       |     3 ||     3
 Stab: Sleeping          |    18 |     4 ||    22
       Distracted        |       |     1 ||     1
Armor: Skin              |     3 |     1 ||     4
Dodge: Dodged            |    42 |    18 ||    60
